 Dungeon Sprint DCSS version 0.28-a0-1524-ge72afd5fc6 (webtiles) character file.

Game seed: 3188668897003061813

432 psuckher the Fighter (level 7, -3/52 HPs)
             Began as a Gargoyle Berserker on Jan 17, 2022.
             Was an Initiate of Gozag.
             Slain by Sonja (4 damage)
             ... in the Dungeon (Sprint I: "Red Sonja").
             The game lasted 00:03:33 (454 turns).

psuckher the Fighter (Gargoyle Berserker)            Turns: 454, Time: 00:03:35

Health: -3/52      AC:  0    Str: 22    XL:     7   Next: 0%
Magic:  7/7        EV: 14    Int:  8    God:    Gozag
Gold:   324        SH:  0    Dex:  9    Spells: 6/6 levels left

rFire   . . .      SeeInvis .   (weapon currently unavailable)
rCold   . . .      Faith    .   (shield currently unavailable)
rNeg    + . .      Spirit   .   (armour currently unavailable)
rPois   ∞          Reflect  .   (helmet currently unavailable)
rElec   .          Harm     .   (cloak currently unavailable)
rCorr   .          Rampage  .   (gloves currently unavailable)
Will    .....      NoTele   +   (boots currently unavailable)
Stlth   +.........              (no amulet)
HPRegen 0.17/turn               (ring currently unavailable)
MPRegen 0.10/turn               (ring currently unavailable)

@: pig-form (expiring), very quick
A: fast, no casting, sickness immunity, AC +4, small, negative energy resistance
1, (electricity resistance), torment resistance 1, petrification resistance
a: Renounce Religion, Potion Petition, Call Merchant, Bribe Branch


You were in the Dungeon.
You worshipped Gozag.
Gozag was aware of your devotion.
You were a filthy swine.
You visited 1 branch You collected 324 gold pieces.

Inventory:

Hand Weapons
 a - a +0 hand axe (melded)
Armour
 b - a +0 animal skin
 j - a +1 chain mail of willpower (melded)
Wands
 i - a wand of iceblast (7)
Scrolls
 h - a scroll of blinking
Potions
 d - a potion of heal wounds
 e - a potion of haste
 f - 2 potions of magic
 g - a potion of berserk rage


   Skills:
 + Level 10.0 Fighting
 + Level 9.2 Axes
 + Level 5.8 Armour
 + Level 3.8 Dodging


You had 6 spell levels left.
You didn't know any spells.
Your spell library was empty.

Dungeon Overview and Level Annotations

Branches:
Dungeon (1/1)

Altars:
Cheibriados
Dithmenos
Elyvilon
Fedhas
Gozag
Hepliaklqana
Kikubaaqudgha
Nemelex Xobeh
Okawaru
Qazlal
Ru
Sif Muna
Trog
Uskayaw
Vehumet
Wu Jian
Yredelemnul
Zin
The Shining One

Shops:
D (

Annotations:
D Sonja


Innate Abilities, Weirdness & Mutations

You are a filthy swine.
You move quickly.
Your equipment is almost entirely melded.
You are incapable of wielding weapons or throwing items.
You cannot cast spells.
You are immune to sickness and miasma.
((Your stone body is resilient. (AC +4)))
You are immune to poison.
You resist negative energy. (rN+)
((You are resistant to electric shocks. (rElec)))
You are resistant to unholy torment.
You are immune to petrification.


Message History

Sonja closely misses you.
You miss Sonja.
Sonja is lightly wounded.
Sonja gestures wildly while chanting.
Sonja blinks!
You miss Sonja.
Sonja is lightly wounded.
Sonja gestures wildly while chanting.
Sonja blinks!
You miss Sonja.
Sonja is lightly wounded.
Sonja closely misses you.
Sonja hits you with a +0 dagger of venom.
Sonja barely misses you.
You closely miss Sonja.
Sonja is lightly wounded.
Sonja closely misses you.
Sonja hits you with a +0 dagger of venom.
* * * LOW HITPOINT WARNING * * *
Sonja closely misses you.
You barely miss Sonja.
Sonja is lightly wounded.
Sonja hits you with a +0 dagger of venom!
* * * LOW HITPOINT WARNING * * *
Sonja barely misses you. x2
Sonja casts a spell.
Sonja blinks!
Your transformation is almost over.
You see here 27 gold pieces.
Sonja throws a curare-tipped dart.
The curare-tipped dart closely misses you.
You feel better.
Sonja says, "I'm academy-trained, you know."
Sonja hits you with a +0 dagger of venom!
* * * LOW HITPOINT WARNING * * *
Sonja hits you with a +0 dagger of venom.
* * * LOW HITPOINT WARNING * * *
Sonja hits you with a +0 dagger of venom.
You die...
Your body crumbles into a pile of gold.

#..#####'#####'#
#..####..#...#!#
$
#..#__####..##(#
$$
#..#_____##'#_.+
#⌠⌠#_.∩...'..._#
$$
####_..__##_.#+#
$$#_____###'# $
#########K## $
+.h$+$$ $$ #$.$#
$ ##.## $ $#+#$
$ $ $ $ $ $ $$ $
$ $$


You could see Sonja.

Vanquished Creatures
  A yak (D)
  Sigmund (D)
  An ogre (D)
  A jelly (D)
  Ijyb (D)
5 creatures vanquished.

Notes
Turn   | Place    | Note
-------+----------+-------------------------------------------
     0 | D        | psuckher the Gargoyle Berserker began the quest for the
                  | Orb.
     0 | D        | Reached XP level 1. HP: 14/14 MP: 1/1
     2 | D        | Noticed Ijyb
    15 | D        | Killed Ijyb
    16 | D        | Reached skill level 5 in Fighting
    16 | D        | Reached XP level 2. HP: 20/21 MP: 2/2
    16 | D        | Reached XP level 3. HP: 25/26 MP: 3/3
   120 | D        | Noticed an ogre
   125 | D        | Killed an ogre
   126 | D        | Reached skill level 6 in Fighting
   126 | D        | Reached XP level 4. HP: 30/32 MP: 4/4
   225 | D        | Noticed Sigmund
   233 | D        | Killed Sigmund
   233 | D        | Reached ** piety under Trog
   234 | D        | Reached skill level 8 in Fighting
   234 | D        | Reached XP level 5. HP: 36/40 MP: 5/5
   234 | D        | Reached XP level 6. HP: 40/45 MP: 6/6
   361 | D        | Found an ornate altar of the Wu Jian Council.
   361 | D        | Found a shimmering blue altar of Sif Muna.
   363 | D        | Found a radiant altar of Vehumet.
   369 | D        | Reached skill level 9 in Fighting
   369 | D        | Reached skill level 5 in Armour
   392 | D        | Found Toemyp's Antique Weapon Emporium.
   392 | D        | Found an ancient bone altar of Kikubaaqudgha.
   392 | D        | Found a hazy altar of Hepliaklqana.
   392 | D        | Found a stormy altar of Qazlal.
   392 | D        | Found a hide-covered altar of Uskayaw.
   392 | D        | Found a blossoming altar of Fedhas.
   392 | D        | Found a bloodstained altar of Trog.
   392 | D        | Found an iron altar of Okawaru.
   392 | D        | Found a basalt altar of Yredelemnul.
   392 | D        | Found a glowing golden altar of the Shining One.
   392 | D        | Found a snail-covered altar of Cheibriados.
   392 | D        | Found a sacrificial altar of Ru.
   392 | D        | Found a glowing silver altar of Zin.
   392 | D        | Found a shadowy altar of Dithmenos.
   392 | D        | Found a white marble altar of Elyvilon.
   392 | D        | Noticed a yak
   401 | D        | Killed a yak
   402 | D        | Reached skill level 10 in Fighting
   402 | D        | Reached XP level 7. HP: 44/52 MP: 7/7
   402 | D        | Found an opulent altar of Gozag.
   403 | D        | Found a sparkling altar of Nemelex Xobeh.
   416 | D        | Fell from the grace of Trog
   416 | D        | Became a worshipper of Gozag Ym Sagoz the Greedy
   425 | D        | Noticed Sonja
   454 | D        | HP: 1/52 [Sonja (5)]
   454 | D        | Slain by Sonja

Illustrated notes

Levels and vault maps discovered:
D:        dungeon_sprint_1 [red_sonja_temple_1, red_sonja_temple_small_1]

Skill      XL: |  1  2  3  4  5  6 |
---------------+-------------------+-----
Fighting       | 5 6 8 10 | 10.0
Axes           | 4 6 7 9 |  9.2
Armour         | 3 4 5 |  5.8
Dodging        | 2 3 |  3.8

Action                   |  1- 3 |  4- 6 |  7- 9 || total
-------------------------+-------+-------+-------++-------
Melee: Hand axe          |    16 |    18 |     8 ||    42
       Unarmed           |       |       |     6 ||     6
Invok: Berserk           |     2 |     2 |       ||     4
  Use: Potion            |       |       |     1 ||     1
Armor: Animal skin       |     2 |       |       ||     2
       Chain mail        |       |     3 |     9 ||    12
Dodge: Dodged            |     4 |     4 |    12 ||    20

Table legend: (Time is in decaauts)
 A = Elapsed time spent in this place.
 B = Non-inter-level travel time spent in this place.
 C = Inter-level travel time spent in this place.
 D = Time resting spent in this place.
 E = Time spent auto-exploring this place.
 F = Levels seen in this place.
 G = Mean time per level.
                   A        B        C        D        E       F      G
               +--------+--------+--------+--------+--------+-----+--------+
         Total |    477 |    368 |    109 |      0 |      0 |   1 |  477.0 |
       Dungeon |    477 |    368 |    109 |      0 |      0 |   1 |  477.0 |
               +--------+--------+--------+--------+--------+-----+--------+

Top non-repeatable levels by time:
       D: 477 daAuts
